AAA
TUCSON TOROS @ RICHMOND RAMS
08/05/2059
 
TOP OF THE 1ST
Tucson Toros batting - Pitching for Richmond Rams : LHP Isaac King
Pitching: LHP Isaac King
Batting: RHB Devin Mastroianni 0-0: Called Strike
0-1: Ball
1-1: Ball
2-1: Foul Ball, location: 2F
2-2: Ball
3-2: Base on Balls
Batting: RHB Cody Alexander 0-0: Ball
1-0: Foul Ball, location: 2F
1-1: Ball
2-1: Ball
3-1: Foul Ball, location: 2F
3-2: Foul Ball, location: 2F
3-2: Foul Ball, location: 2F
3-2: Foul Ball, location: 2F
3-2: Foul Ball, location: 2F
3-2: Base on Balls
Devin Mastroianni to second
Batting: RHB Kyle Bruns 0-0: Ball
1-0: Fly out, F4 (Popup, 4, EV 55.0 MPH)
Batting: LHB Sean Gallina 0-0: 3-RUN HOME RUN (Line Drive, 9D, EV 96.9 MPH), Distance : 392 ft
Batting: RHB Coltyn Goldman 0-0: Ball
1-0: Swinging Strike
1-1: Ball
2-1: Ball
3-1: Called Strike
3-2: Foul Ball, location: 2F
3-2: Strikes out swinging
Batting: LHB Brett Gesell 0-0: Called Strike
0-1: Ball
1-1: Swinging Strike
1-2: Ball
2-2: Ground out 5-3 (Groundball, 5, EV 88.1 MPH)
Top of the 1st over - 3 runs, 1 hit, 0 errors, 0 left on base; Tucson 3 - Richmond 0
BOTTOM OF THE 1ST
Richmond Rams batting - Pitching for Tucson Toros : RHP Cody Weaver
Pitching: RHP Cody Weaver
Batting: RHB Linton Makepeace 0-0: Ball
1-0: Ball
2-0: Ball
3-0: Base on Balls
Batting: LHB Joel Bell 0-0: Ball
Linton Makepeace is caught stealing 2nd base 2-6
1-0: Ball
2-0: Ground out 6-3 (Groundball, 6, EV 81.2 MPH)
Batting: RHB Joseph Gazdaru 0-0: SINGLE (Line Drive, 4M, EV 96.9 MPH)
Batting: LHB Logan Sparks 0-0: SINGLE (Groundball, 6S, EV 68.1 MPH) (infield hit)
Joseph Gazdaru to second
Batting: RHB Jeremy Hollabaugh 0-0: Swinging Strike
0-1: Single, Error in OF, E8, batter to second base (Groundball, 6MD, EV 96.2 MPH)
Joseph Gazdaru scores
Logan Sparks to third
Batting: RHB Joey Shelton 0-0: Called Strike
0-1: Ball
1-1: DOUBLE (Groundball, 5L, EV 110.0 MPH)
Logan Sparks scores
Jeremy Hollabaugh scores
Batting: RHB Barrington Purbacaraka 0-0: Called Strike
0-1: Fly out, F7 (Flyball, 7D, EV 82.5 MPH)
Bottom of the 1st over - 3 runs, 4 hits, 1 error, 1 left on base; Tucson 3 - Richmond 3
TOP OF THE 2ND
Tucson Toros batting - Pitching for Richmond Rams : LHP Isaac King
Batting: RHB Kelvin Knox 0-0: Ball
1-0: Foul Ball, location: 2F
1-1: DOUBLE (Flyball, 8LXD, EV 114.4 MPH)
Batting: SHB Kendall Powell 0-0: Ball
1-0: Ball
2-0: Swinging Strike
2-1: Called Strike
2-2: Foul Ball, location: 2F
2-2: Foul Ball, location: 2F
2-2: Ball
3-2: Foul Ball, location: 2F
3-2: Ground out 5-3 (Groundball, 56S, EV 83.8 MPH)
Batting: RHB Drake Ferris 0-0: Ball
1-0: Ball
2-0: Called Strike
2-1: Swinging Strike
2-2: Foul Ball, location: 2F
2-2: Strikes out swinging
Batting: RHB Devin Mastroianni 0-0: Swinging Strike
0-1: Ball
1-1: Ball
2-1: 2-RUN HOME RUN (Flyball, 7D, EV 98.8 MPH), Distance : 379 ft
Pitching: RHP Grant Hall
Batting: RHB Cody Alexander 0-0: SINGLE (Line Drive, 7S, EV 110.6 MPH)
Batting: RHB Kyle Bruns 0-0: Foul Ball, location: 2F
0-1: Swinging Strike
0-2: Ball
Passed Ball!
Cody Alexander to second
1-2: SINGLE (Groundball, 34D, EV 111.2 MPH)
Cody Alexander to third
Runner from 3rd tries for Home, SAFE, throw by RF to home
Batting: LHB Sean Gallina 0-0: Fly out, F9 (Flyball, 89M, EV 93.1 MPH)
Top of the 2nd over - 3 runs, 4 hits, 0 errors, 1 left on base; Tucson 6 - Richmond 3
BOTTOM OF THE 2ND
Richmond Rams batting - Pitching for Tucson Toros : RHP Cody Weaver
Batting: RHB Armand Vanek 0-0: Swinging Strike
0-1: SINGLE (Groundball, 4D, EV 110.6 MPH)
Batting: RHB Tommy Dupree 0-0: Called Strike
0-1: Ball
Balk!
Armand Vanek to second
1-1: Fly out, F7 (Line Drive, 7S, EV 94.4 MPH)
Batting: RHB Linton Makepeace 0-0: Ball
1-0: Ball
2-0: Swinging Strike
2-1: Ball
3-1: Base on Balls
Batting: LHB Joel Bell 0-0: Ball
1-0: Ball
2-0: Called Strike
2-1: Foul Ball, location: 2F
2-2: Ball
3-2: Fly out, F8 (Flyball, 8LM, EV 81.9 MPH)
Batting: RHB Joseph Gazdaru 0-0: Ball
1-0: Ball
2-0: Ball
3-0: Called Strike
3-1: Foul Ball, location: 2F
3-2: Base on Balls
Armand Vanek to third
Linton Makepeace to second
Batting: LHB Logan Sparks 0-0: Ball
1-0: Fly out, F9 (Flyball, 9D, EV 101.2 MPH)
Bottom of the 2nd over - 0 runs, 1 hit, 0 errors, 3 left on base; Tucson 6 - Richmond 3
TOP OF THE 3RD
Tucson Toros batting - Pitching for Richmond Rams : RHP Grant Hall
Batting: RHB Coltyn Goldman 0-0: Ball
1-0: Foul Ball, location: 2F
1-1: Swinging Strike
1-2: Fly out, F3 (Popup, 3F, EV 59.4 MPH)
Batting: LHB Brett Gesell 0-0: Swinging Strike
0-1: Foul Ball, location: 2F
0-2: Strikes out swinging
Batting: RHB Kelvin Knox 0-0: Ball
1-0: Called Strike
1-1: Fly out, F7 (Flyball, 7S, EV 90.0 MPH)
Top of the 3rd over - 0 runs, 0 hits, 0 errors, 0 left on base; Tucson 6 - Richmond 3
BOTTOM OF THE 3RD
Richmond Rams batting - Pitching for Tucson Toros : RHP Cody Weaver
Batting: RHB Jeremy Hollabaugh 0-0: Called Strike
0-1: Ground out 6-3 (Groundball, 6, EV 84.4 MPH)
Batting: RHB Joey Shelton 0-0: Ball
1-0: Swinging Strike
1-1: Called Strike
1-2: Strikes out swinging
Batting: RHB Barrington Purbacaraka 0-0: Ball
1-0: Fly out, F9 (Line Drive, 9LS, EV 100.6 MPH)
Bottom of the 3rd over - 0 runs, 0 hits, 0 errors, 0 left on base; Tucson 6 - Richmond 3
TOP OF THE 4TH
Tucson Toros batting - Pitching for Richmond Rams : RHP Grant Hall
Batting: SHB Kendall Powell 0-0: Ball
1-0: Ball
2-0: Foul Ball, location: 2F
2-1: Called Strike
2-2: Ball
3-2: Strikes out swinging
Batting: RHB Drake Ferris 0-0: Ball
1-0: Ball
2-0: Called Strike
2-1: Ball
3-1: Ground out 6-3 (Groundball, 6, EV 79.4 MPH)
Batting: RHB Devin Mastroianni 0-0: Ball
1-0: Swinging Strike
1-1: Called Strike
1-2: Foul Ball, location: 2F
1-2: Foul Ball, location: 2F
1-2: Ball
2-2: Strikes out swinging
Top of the 4th over - 0 runs, 0 hits, 0 errors, 0 left on base; Tucson 6 - Richmond 3
BOTTOM OF THE 4TH
Richmond Rams batting - Pitching for Tucson Toros : RHP Cody Weaver
Batting: RHB Armand Vanek 0-0: Ball
1-0: SINGLE (Groundball, 56D, EV 96.2 MPH)
Batting: RHB Tommy Dupree 0-0: Ball
1-0: Ball
2-0: Foul Ball, location: 2F
2-1: Ball
3-1: Base on Balls
Armand Vanek to second
Batting: RHB Linton Makepeace 0-0: Ball
1-0: Called Strike
1-1: Grounds into double play, 6-4-3 (Groundball, 6, EV 100.6 MPH)
Armand Vanek to third
Batting: LHB Joel Bell 0-0: Ball
1-0: Foul Ball, location: 2F
1-1: Called Strike
1-2: Fly out, F9 (Flyball, 89M, EV 88.8 MPH)
Bottom of the 4th over - 0 runs, 1 hit, 0 errors, 1 left on base; Tucson 6 - Richmond 3
TOP OF THE 5TH
Tucson Toros batting - Pitching for Richmond Rams : RHP Grant Hall
Batting: RHB Cody Alexander 0-0: Ball
1-0: Fly out, F8 (Flyball, 8LD, EV 94.4 MPH)
Batting: RHB Kyle Bruns 0-0: Swinging Strike
0-1: Called Strike
0-2: SINGLE (Line Drive, 7S, EV 102.5 MPH)
Batting: LHB Sean Gallina 0-0: Ball
1-0: Foul Ball, location: 2F
1-1: Ball
2-1: Ball
3-1: Called Strike
3-2: Foul Ball, location: 2F
3-2: SINGLE (Line Drive, 9S, EV 95.0 MPH)
Kyle Bruns to second
Batting: RHB Coltyn Goldman 0-0: Called Strike
0-1: Ball
1-1: Called Strike
1-2: Ball
2-2: Foul Ball, location: 2F
2-2: Strikes out swinging
Batting: LHB Brett Gesell 0-0: Called Strike
0-1: Ground out 4-3 (Groundball, 4, EV 84.4 MPH)
Top of the 5th over - 0 runs, 2 hits, 0 errors, 2 left on base; Tucson 6 - Richmond 3
BOTTOM OF THE 5TH
Richmond Rams batting - Pitching for Tucson Toros : RHP Cody Weaver
Batting: RHB Joseph Gazdaru 0-0: Called Strike
0-1: Swinging Strike
0-2: Ball
1-2: Foul Ball, location: 2F
1-2: Strikes out looking
Batting: LHB Logan Sparks 0-0: SINGLE (Groundball, 6MD, EV 105.0 MPH)
Batting: RHB Jeremy Hollabaugh 0-0: Foul Ball, location: 2F
0-1: Ball
1-1: Ball
2-1: Ball
3-1: Base on Balls
Logan Sparks to second
Batting: RHB Joey Shelton 0-0: Ball
1-0: Ball
2-0: Ball
3-0: Called Strike
3-1: Foul Ball, location: 2F
3-2: Foul Ball, location: 2F
3-2: Strikes out swinging
Batting: RHB Barrington Purbacaraka 0-0: Ball
1-0: Swinging Strike
1-1: Foul Ball, location: 2F
1-2: Strikes out swinging
Bottom of the 5th over - 0 runs, 1 hit, 0 errors, 2 left on base; Tucson 6 - Richmond 3
TOP OF THE 6TH
Tucson Toros batting - Pitching for Richmond Rams : RHP Grant Hall
Batting: RHB Kelvin Knox 0-0: Fly out, F7 (Line Drive, 7, EV 97.5 MPH)
Batting: SHB Kendall Powell 0-0: Foul Ball, location: 2F
0-1: Ball
1-1: Foul Ball, location: 2F
1-2: Ball
2-2: Foul Ball, location: 2F
2-2: Foul Ball, location: 2F
2-2: DOUBLE (Flyball, 89D, EV 108.8 MPH)
Pitching: LHP Hayden Ramirez
Batting: RHB Drake Ferris 0-0: Swinging Strike
0-1: Foul Ball, location: 2F
0-2: Ground out 6-3 (Groundball, 6M, EV 87.5 MPH)
Kendall Powell to third
Batting: RHB Devin Mastroianni 0-0: Fly out, F8 (Flyball, 8LM, EV 89.4 MPH)
Top of the 6th over - 0 runs, 1 hit, 0 errors, 1 left on base; Tucson 6 - Richmond 3
BOTTOM OF THE 6TH
Richmond Rams batting - Pitching for Tucson Toros : RHP Cody Weaver
Batting: RHB Armand Vanek 0-0: Ball
1-0: Foul Ball, location: 2F
1-1: Foul Ball, location: 2F
1-2: Foul Ball, location: 2F
1-2: Ball
2-2: Foul Ball, location: 2F
2-2: Ball
3-2: SINGLE (Groundball, 4MD, EV 96.2 MPH)
Batting: RHB Tommy Dupree 0-0: Called Strike
0-1: Foul Ball, location: 2F
0-2: Ball
1-2: Fly out, F8 (Flyball, 8RD, EV 92.5 MPH)
Batting: RHB Linton Makepeace 0-0: Called Strike
0-1: Ball
Wild Pitch!
Armand Vanek to second
1-1: Foul Ball, location: 2F
1-2: Fly out, F1 (Line Drive, P, EV 65.6 MPH)
Batting: LHB Joel Bell 0-0: Foul Ball, location: 2F
0-1: SINGLE (Groundball, 56S, EV 61.9 MPH) (infield hit)
Armand Vanek to third
Batting: RHB Joseph Gazdaru 0-0: Swinging Strike
0-1: Ball
1-1: Ball
2-1: Ball
3-1: Base on Balls
Joel Bell to second
Batting: LHB Logan Sparks 0-0: Called Strike
0-1: Ball
1-1: Foul Ball, location: 2F
1-2: Foul Ball, location: 2F
1-2: Foul Ball, location: 2F
1-2: Ball
2-2: Foul Ball, location: 2F
2-2: Foul Ball, location: 2F
2-2: Foul Ball, location: 2F
2-2: Strikes out swinging
Bottom of the 6th over - 0 runs, 2 hits, 0 errors, 3 left on base; Tucson 6 - Richmond 3
TOP OF THE 7TH
Tucson Toros batting - Pitching for Richmond Rams : LHP Hayden Ramirez
Batting: RHB Cody Alexander 0-0: Fly out, F8 (Flyball, 8RM, EV 85.6 MPH)
Batting: RHB Kyle Bruns 0-0: Ball
1-0: Foul Ball, location: 2F
1-1: Ball
2-1: Ball
3-1: Called Strike
3-2: Ground out 4-3 (Groundball, 4, EV 102.5 MPH)
Batting: LHB Sean Gallina 0-0: Swinging Strike
0-1: Ball
1-1: Ball
2-1: Swinging Strike
2-2: Foul Ball, location: 2F
2-2: Foul Ball, location: 2F
2-2: Strikes out swinging
Top of the 7th over - 0 runs, 0 hits, 0 errors, 0 left on base; Tucson 6 - Richmond 3
BOTTOM OF THE 7TH
Richmond Rams batting - Pitching for Tucson Toros : RHP Cody Weaver
Pitching: RHP Jonah Thomas
Batting: RHB Jeremy Hollabaugh 0-0: Called Strike
0-1: Foul Ball, location: 2F
0-2: Ball
1-2: Strikes out looking
Batting: RHB Joey Shelton 0-0: Ball
1-0: Ball
2-0: Ball
3-0: Called Strike
3-1: Foul Ball, location: 2F
3-2: Foul Ball, location: 2F
3-2: Base on Balls
Pinch Hitting: LHB Jess Hajiev 0-0: Called Strike
Joey Shelton steals 2nd base
0-1: Ground out U3 (Groundball, 3, EV 103.8 MPH)
Joey Shelton to third
Batting: RHB Armand Vanek 0-0: Called Strike
0-1: Called Strike
0-2: Strikes out swinging
Bottom of the 7th over - 0 runs, 0 hits, 0 errors, 1 left on base; Tucson 6 - Richmond 3
TOP OF THE 8TH
Tucson Toros batting - Pitching for Richmond Rams : LHP Hayden Ramirez
Now in CF: Jess Hajiev
Batting: RHB Coltyn Goldman 0-0: Foul Ball, location: 2F
0-1: Fly out, F8 (Flyball, 8LS, EV 90.0 MPH)
Batting: LHB Brett Gesell 0-0: Ball
1-0: Ball
2-0: Swinging Strike
2-1: Ball
3-1: Foul Ball, location: 2F
3-2: Foul Ball, location: 2F
3-2: Strikes out swinging
Batting: RHB Kelvin Knox 0-0: Fly out, F5 (Popup, 5SF, EV 85.6 MPH)
Top of the 8th over - 0 runs, 0 hits, 0 errors, 0 left on base; Tucson 6 - Richmond 3
BOTTOM OF THE 8TH
Richmond Rams batting - Pitching for Tucson Toros : RHP Jonah Thomas
Batting: RHB Tommy Dupree 0-0: Foul Ball, location: 2F
0-1: Fly out, F8 (Flyball, 8LXD, EV 85.0 MPH)
Pinch Hitting: LHB Nate Rowell 0-0: Swinging Strike
0-1: Ball
1-1: Called Strike
1-2: Strikes out swinging
Batting: LHB Joel Bell 0-0: Ball
1-0: Ground out U3 (Groundball, 3L, EV 105.0 MPH)
Bottom of the 8th over - 0 runs, 0 hits, 0 errors, 0 left on base; Tucson 6 - Richmond 3
TOP OF THE 9TH
Tucson Toros batting - Pitching for Richmond Rams : LHP Hayden Ramirez
Now in RF: Payton Howard
Batting: SHB Kendall Powell 0-0: Foul Ball, location: 2F
0-1: Ball
1-1: SINGLE (Flyball, 8LS, EV 93.8 MPH)
Batting: RHB Drake Ferris 0-0: Grounds into double play, 5-4-3 (Groundball, 56, EV 77.5 MPH)
Batting: RHB Devin Mastroianni 0-0: Ball
1-0: Foul Ball, location: 2F
1-1: Foul Ball, location: 2F
1-2: SINGLE (Groundball, 4D, EV 108.1 MPH)
Batting: RHB Cody Alexander 0-0: Ball
1-0: Ball
2-0: Foul Ball, location: 2F
2-1: Fly out, F9 (Flyball, 9, EV 81.2 MPH)
Top of the 9th over - 0 runs, 2 hits, 0 errors, 1 left on base; Tucson 6 - Richmond 3
BOTTOM OF THE 9TH
Richmond Rams batting - Pitching for Tucson Toros : RHP Jonah Thomas
Pitching: RHP Logan Tocci
Batting: RHB Joseph Gazdaru 0-0: Ball
1-0: Ball
2-0: Fly out, F9 (Flyball, 89S, EV 96.9 MPH)
Batting: LHB Logan Sparks 0-0: Fly out, F9 (Line Drive, 9, EV 95.0 MPH)
Batting: RHB Jeremy Hollabaugh 0-0: Ball
1-0: Foul Ball, location: 2F
1-1: Ball
2-1: SINGLE (Groundball, 34D, EV 101.2 MPH)
Batting: RHB Joey Shelton 0-0: Foul Ball, location: 2F
0-1: Ball
1-1: Foul Ball, location: 2F
1-2: Ball
2-2: Ground out 6-3 (Groundball, 6MS, EV 85.0 MPH)
Bottom of the 9th over - 0 runs, 1 hit, 0 errors, 1 left on base; Tucson 6 - Richmond 3
Thursday, March 21st , 2024 - OOTP Baseball 23.10 Build 110